 Dungeon Crawl Stone Soup version 0.31-a0-845-g9abc20d24f (webtiles) character file.

Game seed: 15801120108699717855

70 Dirtsage the Chopper (level 4, -1/39 HPs)
             Began as a Minotaur Fighter on Oct 2, 2023.
             Succumbed to a kobold's poison
             ... on level 2 of the Dungeon.
             The game lasted 00:02:36 (1339 turns).

Dirtsage the Chopper (Minotaur Fighter)             Turns: 1339, Time: 00:02:36

Health: -1/39      AC:  9    Str: 22    XL:     4   Next: 4%
Magic:  3/3        EV:  8    Int:  5    God:
Gold:   96         SH:  4    Dex: 10    Spells: 3/3 levels left

rFire   . . .        a - +0 war axe
rCold   . . .        c - +0 buckler
rNeg    . . .        g - +0 chain mail
rPois   .            (helmet restricted)
rElec   .            (no cloak)
rCorr   .            (no gloves)
SInv    .            (no boots)
Will    .....        (no amulet) Stlth
                     (no ring)
HPRegen 0.26/turn    (no ring)
MPRegen 0.08/turn

%: no passive effects
@: lethally poisoned (-1 -> -9)
A: horns 2, retaliatory headbutt
a: no special abilities


You were on level 2 of the Dungeon.
You visited 1 branch of the dungeon, and saw 3 of its levels.

You collected 96 gold pieces.

Inventory:

Hand Weapons
 a - a +0 war axe (weapon)
Armour
 c - a +0 buckler (worn)
 g - a +0 chain mail (worn)
Scrolls
 b - a scroll of poison {unknown}
 f - a scroll of revelation {unknown}
 i - a scroll of enchant weapon {unknown}
 k - 2 scrolls of identify {unknown}
 n - 2 scrolls of vulnerability {unknown}
 o - 2 scrolls of immolation {unknown}
 p - a scroll of teleportation {unknown}
Potions
 d - a potion of might
 h - a potion of degeneration {unknown}
 j - a potion of resistance {unknown}
 l - a potion of magic {unknown}
 m - a potion of enlightenment {unknown}
 q - a potion of curing {unknown}


   Skills:
 - Level 3.6 Fighting
 + Level 5.3 Axes
 - Level 3.6 Armour
 - Level 3.6 Shields


You had 3 spell levels left.
You didn't know any spells.
Your spell library was empty.

Dungeon Overview and Level Annotations

Branches:
Dungeon (3/15)

Altars:

Shops:
D:2 =


Innate Abilities, Weirdness & Mutations

You have a pair of horns on your head.
You reflexively headbutt those who attack you in melee.


Message History

* * * LOW HITPOINT WARNING * * *
The kobold hits you with a +2 whip of venom.
* * * LOW HITPOINT WARNING * * *
You are more poisoned.
The orc hits you but does no damage.
You hear some strange, mumbled words.
A magic dart appears from out of thin air!
The magic dart hits you.
* * * LOW HITPOINT WARNING * * *
You take 8 damage, and have 6/39 hp.
MASSIVE DAMAGE!!
It was a potion of heal wounds.
You feel much better.
You feel very sick. The bat hits you but does no damage.
The kobold hits you with a +2 whip of venom.
You are lethally poisoned!
The orc closely misses you. You furiously retaliate!
You headbutt the orc!
You kill the orc!
You block something's attack.
You regained 13 hp, and now have 19/39 hp.
You feel very sick. You block the bat's attack.
Something hits you but does no damage.
The kobold throws a stone.
The stone hits you but does no damage.
You take 6 damage, and have 13/39 hp.
* * * LOW HITPOINT WARNING * * *
You feel very sick.
You hear some strange, mumbled words.
A puff of flame appears from out of thin air!
The puff of flame hits you.
* * * LOW HITPOINT WARNING * * *
You take 6 damage, and have 7/39 hp.
* * * LOW HITPOINT WARNING * * *
You feel very sick.
There is a stone staircase leading up here.
You take 2 damage, and have 5/39 hp.
* * * LOW HITPOINT WARNING * * *
You feel very sick.
The kobold throws a stone.
The stone closely misses you.
You climb upwards.
Reactivating autopickup.
You die...

##### #...# #...#
########...#############
....#.........#........#
................@......#
..............########.##
### ....####...##.#
###..[#####.## ....#
#...##.#####............#
#.#.#
#...##.......#...####..##
#.#.# ##.############..#
#..# #.#.# #.#
#########.####..### #.#.#
#.# #.........).......#
#.#.# #.#
#.#######<####..#.#


There were no monsters in sight!

Vanquished Creatures
  An adder (D:2)
  A worm (D:2)
  2 dart slugs
  4 orcs
  8 ball pythons
  An endoplasm (D:2)
  3 goblins
  2 hobgoblins (D:2)
  4 jackals (D:3)
  5 kobolds
  4 quokkas
  5 bats
  2 frilled lizards (D:1)
  7 rats (D:1)
49 creatures vanquished.

Notes
Turn   | Place    | Note
-------+----------+-------------------------------------------
     0 | D:1      | Dirtsage the Minotaur Fighter began the quest for the Orb.
     0 | D:1      | Reached XP level 1. HP: 19/19 MP: 0/0
    72 | D:1      | Reached skill level 3 in Axes
   231 | D:1      | Reached XP level 2. HP: 26/26 MP: 1/1
   546 | D:1      | Reached skill level 4 in Axes
   834 | D:2      | Reached XP level 3. HP: 31/31 MP: 2/2
   888 | D:2      | Found Piomodd's Jewellery Boutique.
  1255 | D:2      | Reached skill level 5 in Axes
  1330 | D:3      | Reached XP level 4. HP: 27/39 MP: 3/3
  1339 | D:2      | Succumbed to a kobold's poison

Illustrated notes

Levels and vault maps discovered:
D:1:      dpeg_arrival_simpleton_b, layout_loops_ring
D:2:      layout_loops_ring, serial_shops, shop, st_stairs_8,
          hangedman_feature_mirror
D:3:      gammafunk_wand_slinger, layout_loops_ring,
          gammafunk_temple_overflow_forgotten, chequers_serial_rivers_room_a,
          minmay_strange_pillars, uniq_pargi

Skill      XL: |  1  2  3 |
---------------+----------+-----
Axes           | 3 4 5 |  5.3
Fighting       | |  3.6
Armour         | |  3.6
Shields        | |  3.6

Action                     |  1- 3 |  4- 6 || total
---------------------------+-------+-------++-------
  Melee: War axe           |    77 |     4 ||    81
         Headbutt          |    11 |       ||    11
    Use: Potion            |       |     1 ||     1
 Armour: Scale mail        |     5 |       ||     5
         Chain mail        |    69 |    19 ||    88
  Dodge: Dodged            |    28 |     5 ||    33
  Block: Buckler           |    16 |     6 ||    22

Table legend: (Time is in decaauts)
 A = Elapsed time spent in this place.
 B = Non-inter-level travel time spent in this place.
 C = Inter-level travel time spent in this place.
 D = Time resting spent in this place.
 E = Time spent auto-exploring this place.
 F = Levels seen in this place.
 G = Mean time per level.
                   A        B        C        D        E       F      G
               +--------+--------+--------+--------+--------+-----+--------+
         Total |   1365 |   1266 |     99 |      0 |   1025 |   3 |  455.0 |
       Dungeon |   1365 |   1266 |     99 |      0 |   1025 |   3 |  455.0 |
               +--------+--------+--------+--------+--------+-----+--------+

Top non-repeatable levels by time:
     D:1: 722 daAuts
     D:2: 618 daAuts
     D:3: 24 daAuts
